 Dungeon Crawl Stone Soup version 0.26-a0-757-g626ac9e51a (webtiles) character file.

Game seed: 10771601338635353861

23 miscthings the Sneak (level 2, 0/27 HPs)
             Began as a Palentonga Delver on Nov 8, 2020.
             Slain by an adder (3 damage)
             ... on level 4 of the Dungeon.
             The game lasted 00:00:35 (199 turns).

miscthings the Sneak (Palentonga Delver)             Turns: 199, Time: 00:00:35

Health: 0/27       AC:  4    Str: 15    XL:     2   Next: 72%
Magic:  2/2        EV:  4    Int: 10    God:
Gold:   0          SH: 10    Dex: 11    Spells: 1/1 levels left

rFire    . . .     SeeInvis +   a - +0 hand axe
rCold    . . .     Faith    .   h - +0 tower shield
rNeg     . . .     Spirit   .   b - +0 leather armour
rPois    .         Reflect  .   (no helmet)
rElec    .         Harm     .   (no cloak)
rCorr    .         Rampage  .   (no gloves)
MR       .....                  (no barding)
Stlth    ++........             (no amulet)
HPRegen  0.09/turn              (no ring)
MPRegen  0.08/turn              (no ring)

@: lethally poisoned (0 -> -6)
A: large, rugged brown scales 3, see invisible, deformed body, roll, armoured
tail
a: Rolling Charge


You were on level 4 of the Dungeon.
You visited 1 branch of the dungeon, and saw 2 of its levels.

Inventory:

Hand Weapons
 a - a +0 hand axe (weapon)
Armour
 b - a +0 leather armour (worn)
 h - a +0 tower shield (worn)
Wands
 g - a wand of digging (2)
Scrolls
 c - a scroll of fog
 d - a scroll of magic mapping
 e - a scroll of fear
Potions
 f - a potion of haste


   Skills:
 - Level 3.0 Fighting
 + Level 3.3 Axes
 - Level 1.5 Dodging
 - Level 3.3 Stealth


You had one spell level left.
You didn't know any spells.
Your spell library was empty.

Dungeon Overview and Level Annotations

Branches:
Dungeon (5/15)
 Temple: D:4-7

Altars:


Innate Abilities, Weirdness & Mutations

You are completely covered in rugged brown scales. (AC +3, +7% HP)
You have supernaturally acute eyesight. (SInv)
Armour fits poorly on your strangely shaped body.
You can roll at foes to attack.
You have a long armoured tail.


Message History

There is a stone staircase leading up here.
The adder bites you but does no damage. The adder bites you.
* * * LOW HITPOINT WARNING * * *
You are lethally poisoned!
The adder poisons you!
You climb upwards.
* * * LOW HITPOINT WARNING * * *
You feel sick.
Found a scroll labeled BUMMOI PIEDYR.
Found a stone staircase leading down.
There is a stone staircase leading down here.
You barely miss the adder. You block the adder's attack.
Okay, then.
You hit the adder but do no damage.
* * * LOW HITPOINT WARNING * * *
You feel sick. The adder bites you but does no damage.
You block the adder's attack.
You miss the adder.
* * * LOW HITPOINT WARNING * * *
You feel sick. The adder bites you but does no damage. The adder bites you.
You die... #############.# ......S@...>..# ###############

You could see an adder.

Vanquished Creatures
  A worker ant (D:5)
  A jackal zombie (D:5)
2 creatures vanquished.

Notes
Turn   | Place    | Note
-------+----------+-------------------------------------------
     0 | D:5      | miscthings the Palentonga Delver began the quest for the
                  | Orb.
     0 | D:5      | Reached XP level 1. HP: 20/20 MP: 1/1
     5 | D:5      | Noticed an orc wizard
    15 | D:5      | Noticed a worker ant
    25 | D:5      | Killed a worker ant
    25 | D:5      | Reached XP level 2. HP: 4/27 MP: 2/2
   168 | D:5      | Noticed an ogre
   175 | D:5      | Noticed an ice beast
   199 | D:4      | Slain by an adder

Illustrated notes

Levels and vault maps discovered:
D:4:      wander_river, layout_loops_cross, kennysheep_little_box,
          serial_co_window_serial, co_window_corner_a, co_window_paths_b,
          co_window_paths_b, co_window_paths_a, co_window_paths_a,
          co_window_paths_b, co_window_corner_a, co_window_broadway_c,
          co_window_broadway_c, co_window_corner_b, glass_columns_a,
          glass_columns_a, glass_columns_a, glass_columns_a, minmay_checkerbox,
          uniq_natasha
D:5:      layout_basic, portal_sewer_entry_b

Skill      XL: |  1 |
---------------+----+-----
Axes           | 3 |  3.3
Fighting       | |  3.0
Dodging        | |  1.5
Stealth        | |  3.3

Action                   || total
-------------------------++-------
Melee: Hand axe          ||    14
       Tailslap          ||     2
Evoke: Wand              ||     1
Armor: Leather armour    ||    11
Dodge: Dodged            ||    13
Block: Tower shield      ||     4

Table legend: (Time is in decaauts)
 A = Elapsed time spent in this place.
 B = Non-inter-level travel time spent in this place.
 C = Inter-level travel time spent in this place.
 D = Time resting spent in this place.
 E = Time spent auto-exploring this place.
 F = Levels seen in this place.
 G = Mean time per level.
                   A        B        C        D        E       F      G
               +--------+--------+--------+--------+--------+-----+--------+
         Total |    201 |    201 |      0 |    127 |      5 |   2 |  100.5 |
       Dungeon |    201 |    201 |      0 |    127 |      5 |   2 |  100.5 |
               +--------+--------+--------+--------+--------+-----+--------+

Top non-repeatable levels by time:
     D:5: 198 daAuts
     D:4: 3 daAuts
